Map: Ruins of Endion

Players

Miszu - Winner!

  • Race: Terran Terran
  • League: Master

ConQueR

  • Race: Terran Terran
  • League: Master

VOD

Have the link to the VOD?

Description

Time

  • Played on: June 26, 2016, 10:31 a.m.
  • Length: 4:27
Show
View Real Time Build Order
Export as new Build Order

Miszu Terran - Winner!

Build Orders: 1/1/1 

Get SALT Encoding   

  12  0:01  SCV  
  13  0:13  SCV  
  14  0:18  Supply Depot  
  14  0:25  SCV  
  15  0:33  Refinery  
  15  0:39  SCV  
  16  0:46  Barracks  
  16  0:52  SCV  
  17  0:57  Refinery  
  17  1:04  SCV  
  18  1:16  SCV  
  20  1:33  Orbital Command  
  20  1:35  Factory  
  20  1:38  Reaper  
  20  1:50  Supply Depot  
  20  1:59  SCV  
  21  2:10  Reaper  
  21  2:11  SCV  
  23  2:20  Hellion  
  25  2:23  Starport  
  25  2:25  SCV  
  25  2:29  Supply Depot  
  26  2:41  Hellion, SCV  
  26  2:42  Reaper  
  30  3:03  Hellion, Medivac  
  30  3:05  SCV  
  35  3:07  Supply Depot  
  35  3:15  Barracks Tech Lab  
  35  3:17  SCV  
  36  3:41  Command Center  
  36  3:43  Banshee  
  39  3:49  Barracks Reactor  
  39  3:50  Factory Tech Lab  
  39  3:52  SCV  
  38  4:04  SCV  
Show
View Real Time Build Order
Export as new Build Order

ConQueR Terran 

Build Orders: Reaper Expand 

Get SALT Encoding   

  12  0:00  SCV  
  13  0:13  SCV  
  14  0:17  Supply Depot  
  14  0:25  SCV  
  15  0:39  SCV  
  15  0:40  Barracks  
  16  0:45  Refinery  
  16  0:51  SCV  
  17  1:03  SCV  
  18  1:15  SCV  
  19  1:27  Orbital Command  
  19  1:29  Reaper  
  20  1:46  Command Center  
  20  1:57  SCV  
  20  1:59  Refinery  
  21  2:05  Supply Depot  
  21  2:12  SCV  
  21  2:13  Factory  
  22  2:17  Marine  
  23  2:26  SCV  
  24  2:35  Marine  
  25  2:38  SCV  
  26  2:46  Supply Depot  
  26  2:50  SCV  
  27  2:53  Marine  
  28  3:02  Hellion  
  28  3:05  Orbital Command  
  29  3:13  Starport  
  29  3:15  Marine  
  30  3:25  Hellion  
  32  3:27  Supply Depot  
  32  3:33  Marine  
  33  3:40  Orbital Command  
  33  3:41  Barracks  
  33  3:43  Barracks  
  33  3:46  Factory Tech Lab  
  31  3:57  Orbital Command  
  24  4:09  Marine  
Tags
 
Add a new tag
Caveats
  • Supply blocks, unpowered buildings, or Contaminate may cause inaccurate times.
  • Supply counts are checked every 10 seconds.